[Event "Titled Tuesday Blitz May 10 Late 2022"]
[White "Kamsky, Gata"]
[Black "Vujic, Mihailo"]
[WhiteFideId "2000024"]
[BlackFideId "918873"]
[WhiteElo "2645"]
[BlackElo "2256"]
[Result "1-0"]
[Round "05"]
[TimeControl "180+1"]
[Date "2022.05.10"]
[WhiteClock "0:00:49"]
[BlackClock "0:00:02"]

1. e4 e5 2. Nf3 Nc6 3. Bb5 f5 4. Nc3 fxe4 5. Nxe4 d5 6. Nxe5 dxe4 7. Nxc6 Qg5 8. Qe2 Nf6 9. f4 Qxf4 10. Ne5+ c6 11. d4 Qh4+ 12. g3 Qh3 13. Bc4 Be6 14. Bg5 O-O-O 15. O-O-O Bd6 16. Bxe6+ Qxe6 17. Nc4 Bc7 18. Kb1 h6 19. Bxf6 gxf6 20. Ne3 f5 21. Rhf1 Rhf8 22. Ng2 Rd5 23. c3 Ra5 24. b3 Rd8 25. Ne3 Rb5 26. Kc2 Ra5 27. Kb2 Qe7 28. b4 Ra6 29. Rxf5 Qe6 30. Qc4 Qg6 31. Rdf1 h5 32. Rf8 h4 33. R1f6 Qg5 34. Qe6+ Kb8 35. Rxd8+ Bxd8 36. Rf8 c5 37. Qe5+ Qxe5 38. dxe5 Kc7 39. Rf4 cxb4 40. cxb4 Bg5 41. Rxe4 hxg3 42. hxg3 Kd7 43. Nc4 Ke6 44. b5 Ra4 45. Kb3 Kd5 46. Rg4 1-0


[Site "https://www.chess.com"]

[Event "Titled Tuesday Blitz May 10 Late 2022"]
[White "Kanyamarala, Tarun"]
[Black "Lin, Dachey"]
[WhiteFideId "45004714"]
[BlackFideId "2029650"]
[WhiteElo "2219"]
[BlackElo "2313"]
[Result "0-1"]
[Round "05"]
[TimeControl "180+1"]
[Date "2022.05.11"]
[WhiteClock "0:00:07"]
[BlackClock "0:00:08"]

1. b3 g6 2. Bb2 Nf6 3. Bxf6 exf6 4. c4 f5 5. Nc3 Bg7 6. Rc1 O-O 7. g3 Re8 8. Bg2 f4 9. gxf4 Bh6 10. e3 Bxf4 11. Nge2 Bh6 12. O-O Nc6 13. f4 d6 14. Ng3 Bg7 15. f5 Be5 16. Qf3 Rf8 17. d4 Bg7 18. Qf4 g5 19. Qg4 f6 20. h4 h6 21. Bd5+ Kh8 22. Kg2 Ne7 23. Be4 Ng8 24. Rh1 Bd7 25. Bxb7 Rb8 26. Be4 c6 27. Rh2 Re8 28. Kf2 Qa5 29. hxg5 fxg5 30. Qxg5 d5 31. f6 Bf8 32. Rch1 Re7 33. fxe7 Bg7 34. Nh5 hxg5 35. Nxg7+ Kxg7 36. Rh7+ Kf6 37. cxd5 Qxc3 38. Kg3 Qxe3+ 0-1


[Site "https://www.chess.com"]

[Event "Titled Tuesday Blitz May 10 Late 2022"]
[White "Karas, Marek"]
[Black "Martic, Ivan"]
[WhiteFideId "14928558"]
[BlackFideId "929301"]
[WhiteElo "2271"]
[BlackElo "2317"]
[Result "0-1"]
[Round "05"]
[TimeControl "180+1"]
[Date "2022.05.11"]
[WhiteClock "0:00:06"]
[BlackClock "0:00:07"]

1. d4 Nf6 2. Nf3 g6 3. Bg5 Bg7 4. Nbd2 O-O 5. e3 d6 6. c3 b6 7. a4 a6 8. Be2 Bb7 9. O-O Nbd7 10. h3 c5 11. Nc4 Re8 12. Re1 Qc7 13. Nfd2 Bc6 14. Bf3 b5 15. axb5 axb5 16. Rxa8 Rxa8 17. Na3 Rb8 18. e4 e5 19. d5 Ba8 20. Nc2 c4 21. Nb4 Nc5 22. Qc2 Bb7 23. Ra1 Na4 24. Be3 Nd7 25. Be2 h5 26. Nxc4 Nxc3 27. Qxc3 bxc4 28. Qxc4 Nc5 29. Nd3 Na6 30. Qxc7 Nxc7 31. Rc1 Nb5 32. Nb4 Nd4 33. Bxd4 exd4 34. Nd3 Ba6 35. Rc2 Rb3 36. Nc1 Rb6 37. Bxa6 Rxa6 38. Nd3 Ra1+ 39. Kh2 Rd1 40. Nb4 d3 41. Rc8+ Kh7 42. Nxd3 Rxd3 43. f4 h4 44. Rc7 Kg8 45. Rc8+ Kh7 46. Rc7 Bh6 47. Rxf7+ Kg8 48. Rf6 Kg7 49. e5 dxe5 50. fxe5 Rxd5 51. Rf1 Rxe5 52. b3 Re4 53. Rb1 Bf4+ 54. Kg1 Rb4 55. Kf2 Kf6 56. Kf3 g5 57. Ke2 Kf5 58. Kd3 Rb8 59. b4 Rb7 60. b5 Bc7 61. Kc4 Bb6 62. Rb2 Rc7+ 63. Kd5 Kf4 64. Kd6 Rc1 65. Ke6 Kg3 66. Kf5 Be3 67. b6 Rc5+ 68. Kg6 Rc6+ 69. Kh5 Bxb6 70. Kxg5 Be3+ 71. Kf5 Rc4 72. Rb3 Rf4+ 73. Ke5 Kf2 74. Rb2+ Kf1 75. Kd5 Kg1 76. Re2 Bf2 77. Ke5 Rf8 78. Re4 Kxg2 79. Rf4 Rxf4 80. Kxf4 Kxh3 81. Kf3 Bg3 82. Ke2 Kh2 83. Kf1 h3 84. Ke2 Kg2 85. Ke3 h2 86. Ke4 h1=Q 0-1


[Site "https://www.chess.com"]

[Event "Titled Tuesday Blitz May 10 Late 2022"]
[White "Karttunen, Mika"]
[Black "Aksu, Vedat Ali"]
[WhiteFideId "502081"]
[BlackFideId "6304320"]
[WhiteElo "2343"]
[BlackElo "2203"]
[Result "1-0"]
[Round "05"]
[TimeControl "180+1"]
[Date "2022.05.11"]
[WhiteClock "0:01:45"]
[BlackClock "0:00:13"]

1. c4 c5 2. Nf3 Nc6 3. Nc3 Nf6 4. d4 cxd4 5. Nxd4 a6 6. e4 e6 7. Nxc6 bxc6 8. e5 Ng8 9. Bf4 Ne7 10. Bd3 Ng6 11. Bxg6 hxg6 12. O-O Qh4 13. Qf3 Rb8 14. b3 c5 15. Bg3 Qh5 16. Qd3 Be7 17. Rad1 Qf5 18. Ne4 O-O 19. Rfe1 f6 20. exf6 Bxf6 21. Bxb8 1-0


[Site "https://www.chess.com"]

[Event "Titled Tuesday Blitz May 10 Late 2022"]
[White "Kazakouski, Valery"]
[Black "Bluebaum, Matthias"]
[WhiteFideId "13507443"]
[BlackFideId "24651516"]
[WhiteElo "2524"]
[BlackElo "2556"]
[Result "1-0"]
[Round "05"]
[TimeControl "180+1"]
[Date "2022.05.10"]
[WhiteClock "0:00:18"]
[BlackClock "0:00:14"]

1. d4 Nf6 2. c4 e6 3. Nc3 Bb4 4. f3 d5 5. a3 Bd6 6. e4 c5 7. cxd5 cxd4 8. Qxd4 exd5 9. Bg5 Nc6 10. Bb5 Be7 11. Bxf6 Bxf6 12. Qxd5 O-O 13. Bxc6 bxc6 14. Qxd8 Rxd8 15. Nge2 Rb8 16. Rb1 Ba6 17. b4 Bc4 18. Rc1 a5 19. Nd1 axb4 20. Rxc4 bxa3 21. O-O a2 22. Ndc3 Ra8 23. Ra1 Rd2 24. Rxc6 h5 25. Kf1 Rc2 26. f4 Be7 27. Nd5 Rb2 28. Nxe7+ Kf8 29. Nf5 g6 30. Ne3 Kg7 31. Rc2 Rb1+ 32. Rc1 Rb2 33. Nc3 h4 34. Rxa2 Raxa2 35. Nxa2 Rxa2 36. Rc2 Ra3 37. Kf2 h3 38. gxh3 Kf6 39. Kf3 Kg7 40. e5 Ra7 41. Rd2 Rb7 42. Kg4 Ra7 43. f5 Kh6 44. fxg6 fxg6 45. Ng2 Rd7 46. Rxd7 g5 47. Rd6+ Kg7 48. Kxg5 Kf8 49. Nf4 Ke7 50. Kf5 Ke8 51. h4 Kf8 52. h5 Kg7 53. h6+ Kh7 54. h4 Kh8 55. Rd7 Kg8 56. h7+ Kf8 57. h8=Q# 1-0


[Site "https://www.chess.com"]

[Event "Titled Tuesday Blitz May 10 Late 2022"]
[White "Koellner, Ruben Gideon"]
[Black "Perez Molina, Robinson"]
[WhiteFideId "12993093"]
[BlackFideId "3403882"]
[WhiteElo "2617"]
[BlackElo "2252"]
[Result "1/2-1/2"]
[Round "05"]
[TimeControl "180+1"]
[Date "2022.05.11"]
[WhiteClock "0:01:00"]
[BlackClock "0:00:35"]

1. d4 Nf6 2. Bg5 e6 3. Nd2 b6 4. e4 h6 5. Bh4 g5 6. Bg3 d6 7. h4 g4 8. h5 Bb7 9. Bd3 Nbd7 10. c3 Be7 11. Ne2 a6 12. a4 Rg8 13. Bf4 Bf8 14. Ng3 Qe7 15. Qe2 Bg7 16. a5 b5 17. b4 c5 18. O-O c4 19. Bc2 Bf8 20. Rfe1 Nh7 21. e5 dxe5 22. Bxh7 exf4 23. Bxg8 fxg3 24. Qxg4 gxf2+ 25. Kxf2 Nf6 26. Qg3 Nxh5 27. Qg4 Nf6 28. Qg3 Nh5 29. Qg4 Nf6 30. Qg3 Nh5 1/2-1/2


[Site "https://www.chess.com"]

[Event "Titled Tuesday Blitz May 10 Late 2022"]
[White "Koridze, Lile"]
[Black "Erdogdu, Mert"]
[WhiteFideId "13612514"]
[BlackFideId "6301495"]
[WhiteElo "2050"]
[BlackElo "2451"]
[Result "1/2-1/2"]
[Round "05"]
[TimeControl "180+1"]
[Date "2022.05.11"]
[WhiteClock "0:00:52"]
[BlackClock "0:00:15"]

1. d4 d5 2. c4 e6 3. Nc3 c5 4. cxd5 exd5 5. Nf3 Nc6 6. e3 Nf6 7. Bb5 Bd6 8. dxc5 Bxc5 9. O-O O-O 10. h3 a6 11. Bd3 Re8 12. a3 Ba7 13. Bc2 Be6 14. Qd3 Rc8 15. b3 d4 16. exd4 Nxd4 17. Bb2 Nxb3 18. Rad1 Qxd3 19. Bxd3 Red8 20. Ne4 Nxe4 21. Bxe4 Bc4 22. Rfe1 Rxd1 23. Rxd1 b5 24. Bb7 Re8 25. Bxa6 h6 26. Ne5 Nc5 27. Nxc4 Nxa6 28. Ne5 f6 29. Nd3 Re2 30. Bc3 Rc2 31. Bb4 Nxb4 32. axb4 Rb2 33. Ra1 Rd2 34. Rxa7 Rxd3 35. Rb7 h5 36. Rxb5 h4 37. Rc5 Rb3 38. b5 Kf7 39. Kf1 g5 40. Ke2 Ke6 41. Rc6+ Ke5 42. b6 Rb2+ 43. Kf3 f5 44. Ke3 Rb3+ 45. Kd2 Rb2+ 46. Kc3 Rb5 47. Kc4 Rb1 48. Rc5+ Ke4 49. Rb5 Rc1+ 50. Kb3 Rc8 51. Kb4 g4 52. Ka5 g3 53. fxg3 hxg3 54. b7 Rb8 55. Ka6 f4 56. Rb3 Rh8 57. b8=Q Rxb8 58. Rxb8 Ke3 59. Rf8 Kf2 60. Rxf4+ Kxg2 61. h4 Kh3 62. Rf1 Kxh4 63. Kb5 g2 64. Ra1 Kg3 65. Kc4 Kf2 66. Kd3 g1=Q 67. Rxg1 Kxg1 1/2-1/2


[Site "https://www.chess.com"]

[Event "Titled Tuesday Blitz May 10 Late 2022"]
[White "Kruckenhauser, Arthur"]
[Black "Bifulco, Michel"]
[WhiteFideId "1642812"]
[BlackFideId "828580"]
[WhiteElo "2243"]
[BlackElo "2165"]
[Result "1-0"]
[Round "05"]
[TimeControl "180+1"]
[Date "2022.05.11"]
[WhiteClock "0:01:21"]
[BlackClock "0:00:02"]

1. Nf3 Nf6 2. g3 g6 3. b3 Bg7 4. Bb2 O-O 5. Bg2 d6 6. d4 Nbd7 7. O-O c6 8. c4 Qc7 9. Nc3 e5 10. dxe5 dxe5 11. Nd2 Rd8 12. Qc2 Nc5 13. Rad1 Bf5 14. e4 Bg4 15. f3 Be6 16. Ba3 b6 17. Ndb1 Rxd1 18. Rxd1 Rd8 19. Bc1 Bc8 20. Be3 Ne6 21. Ne2 c5 22. Nbc3 Nd4 23. Qb2 Be6 24. Nd5 Bxd5 25. cxd5 Ne8 26. Nxd4 exd4 27. Bf4 Be5 28. Bxe5 Qxe5 29. f4 Qg7 30. e5 Nc7 31. d6 Ne6 32. Qa3 f6 33. Re1 fxe5 34. fxe5 Kh8 35. Bd5 Qd7 36. Bxe6 Qxe6 37. Qxa7 d3 38. Qc7 Rd7 39. Qc8+ Kg7 40. Rf1 Kh6 41. Qf8+ Kh5 42. Qf4 Qh3 43. e6 1-0


[Site "https://www.chess.com"]

[Event "Titled Tuesday Blitz May 10 Late 2022"]
[White "Kujawski, Adam"]
[Black "Moral Garcia, Serafin"]
[WhiteFideId "1100920"]
[BlackFideId "2201925"]
[WhiteElo "1982"]
[BlackElo "2228"]
[Result "0-1"]
[Round "05"]
[TimeControl "180+1"]
[Date "2022.05.11"]
[WhiteClock "0:00:02"]
[BlackClock "0:00:43"]

1. e4 e5 2. Nf3 Nc6 3. Bb5 a6 4. Ba4 Nf6 5. O-O Be7 6. Re1 b5 7. Bb3 d6 8. c3 O-O 9. h3 Na5 10. Bc2 c5 11. d4 Nd7 12. dxc5 dxc5 13. Nbd2 Qc7 14. Nf1 Bb7 15. Ne3 Rfd8 16. Qe2 Bf8 17. a4 c4 18. Nd5 Bxd5 19. exd5 f6 20. Nh4 Nc5 21. axb5 axb5 22. Qf3 Qd7 23. Rd1 Nab3 24. Rxa8 Rxa8 25. d6 Ra1 26. Bf5 Qd8 27. Qd5+ Kh8 28. Bxh7 Kxh7 29. Qf7 Rxc1 30. Rxc1 Nxc1 31. Nf5 Ne2+ 32. Kf1 Nf4 33. Ne7 Bxe7 34. dxe7 Qd1# 0-1


[Site "https://www.chess.com"]

[Event "Titled Tuesday Blitz May 10 Late 2022"]
[White "Lehtosaari, Mauri"]
[Black "Ramirez Vido, Robert Yorisan"]
[WhiteFideId "501999"]
[BlackFideId "3513823"]
[WhiteElo "2508"]
[BlackElo "2357"]
[Result "1-0"]
[Round "05"]
[TimeControl "180+1"]
[Date "2022.05.11"]
[WhiteClock "0:00:02"]
[BlackClock "0:00:02"]

1. d4 g6 2. Nf3 Nf6 3. Bg5 Bg7 4. Nbd2 d6 5. e3 O-O 6. Bc4 c6 7. O-O Nbd7 8. a4 Qa5 9. Bh4 e5 10. h3 exd4 11. exd4 Qh5 12. c3 Nb6 13. Be2 Qf5 14. Bg3 d5 15. Re1 Nh5 16. Be5 Nf4 17. Bxg7 Kxg7 18. Bf1 Be6 19. Ne5 Nd7 20. Ndf3 Nxe5 21. Rxe5 Qf6 22. Qd2 Nxh3+ 23. gxh3 Qxf3 24. Rae1 Bxh3 25. R1e3 Qf4 26. Bxh3 Rad8 27. Qe2 Rd6 28. Re7 g5 29. Qf3 Qh4 30. Qg3 Qh6 31. Bf5 Rf6 32. Qg4 Rg8 33. Rxb7 Kh8 34. Ree7 Qg7 35. Rxa7 h5 36. Qxh5+ Rh6 37. Qg4 Rf8 38. Bd3 Rh4 39. Qf5 Qh6 40. Qf3 g4 41. Qg2 Qf6 42. Bf1 Rh6 43. Qg3 Rg6 44. Qe5 Qxe5 45. Rxe5 f6 46. Ree7 Rh6 47. Bd3 f5 48. Rab7 f4 49. a5 g3 50. f3 Rh2 51. Rh7+ Kg8 52. Rbg7# 1-0


[Site "https://www.chess.com"]

[Event "Titled Tuesday Blitz May 10 Late 2022"]
[White "Lewicki, Miroslaw"]
[Black "Matinian, Nikita"]
[WhiteFideId "1113380"]
[BlackFideId "24129100"]
[WhiteElo "2283"]
[BlackElo "2422"]
[Result "1-0"]
[Round "05"]
[TimeControl "180+1"]
[Date "2022.05.11"]
[WhiteClock "0:00:07"]
[BlackClock "0:00:01"]

1. b3 e5 2. Bb2 Nc6 3. g3 h5 4. Nf3 h4 5. Nxh4 Rxh4 6. gxh4 Qxh4 7. e3 Nf6 8. Qf3 d6 9. Nc3 Bg4 10. Qg3 Qh7 11. Bd3 g6 12. Be2 Bxe2 13. Nxe2 Nb4 14. Kd1 g5 15. d3 Nxd3 16. cxd3 Qxd3+ 17. Ke1 Ne4 18. Qf3 Qd2+ 19. Kf1 Qxb2 20. Qxe4 Qxa1+ 21. Kg2 Qxa2 22. Qxb7 Rd8 23. Nc3 Qc2 24. Nd5 Be7 25. Nxc7+ Kf8 26. Nd5 Re8 27. Ra1 Qc8 28. Qxc8 Rxc8 29. Rxa7 Bd8 30. b4 f5 31. Rh7 Rb8 32. Rd7 g4 33. Rxd6 Kf7 34. h3 gxh3+ 35. Kxh3 Bg5 36. f4 exf4 37. exf4 Bd8 38. b5 Ba5 39. b6 Rh8+ 40. Kg3 Rg8+ 41. Kf3 Rg1 42. b7 Rf1+ 43. Ke2 Re1+ 44. Kd3 Rd1+ 45. Kc4 Rb1 46. Nb6 Rc1+ 47. Kb5 Bxb6 48. Kxb6 Rb1+ 49. Kc7 1-0


[Site "https://www.chess.com"]

[Event "Titled Tuesday Blitz May 10 Late 2022"]
[White "Lewtak, Damian"]
[Black "Terry, Renato"]
[WhiteFideId "1141724"]
[BlackFideId "3803457"]
[WhiteElo "2362"]
[BlackElo "2577"]
[Result "0-1"]
[Round "05"]
[TimeControl "180+1"]
[Date "2022.05.10"]
[WhiteClock "0:00:05"]
[BlackClock "0:00:06"]

1. g3 d5 2. Bg2 Nf6 3. Nf3 c6 4. O-O Bg4 5. c4 dxc4 6. Ne5 Be6 7. Na3 Qd4 8. Nf3 Qd5 9. Re1 Nbd7 10. h4 Qc5 11. Ng5 Bg4 12. Qc2 h6 13. Nh3 e5 14. Qxc4 Be7 15. d3 O-O 16. Be3 Qa5 17. Nc2 Be6 18. Qc3 Qc7 19. Qd2 Ng4 20. d4 Rad8 21. Qc3 Nxe3 22. Qxe3 Rfe8 23. dxe5 Nxe5 24. Nf4 Bf5 25. Qc3 Ng4 26. Nh5 Bf8 27. e4 Bh7 28. Nf4 Qb6 29. Ne3 Bb4 30. Nxg4 Bxc3 31. bxc3 Rd2 32. Rad1 Red8 33. Rxd2 Rxd2 34. e5 Bf5 35. Ne3 Bd3 36. Bh3 g5 37. hxg5 hxg5 38. Nh5 Qb2 39. Nf6+ Kf8 40. Bf5 Rxf2 41. Bxd3 Qd2 42. Nfg4 Qxe1+ 43. Bf1 Rf3 44. Nf5 Qxf1+ 0-1


[Site "https://www.chess.com"]

[Event "Titled Tuesday Blitz May 10 Late 2022"]
[White "Maksimovic, Bojan"]
[Black "Keymer, Vincent"]
[WhiteFideId "14408120"]
[BlackFideId "12940690"]
[WhiteElo "2448"]
[BlackElo "2548"]
[Result "0-1"]
[Round "05"]
[TimeControl "180+1"]
[Date "2022.05.10"]
[WhiteClock "0:00:03"]
[BlackClock "0:00:31"]

1. e4 c6 2. d4 d5 3. Nc3 dxe4 4. Nxe4 Nf6 5. Nxf6+ exf6 6. c3 Bd6 7. Bd3 O-O 8. Qc2 Re8+ 9. Ne2 h5 10. O-O h4 11. h3 Nd7 12. Bd2 Nf8 13. Rae1 Bd7 14. c4 Rc8 15. f4 g6 16. f5 g5 17. Qd1 Bb8 18. b4 Nh7 19. Rf3 b6 20. Ref1 c5 21. bxc5 bxc5 22. d5 Qc7 23. Nf4 Kh8 24. Nh5 Qe5 25. Qc2 Re7 26. Bc3 Qh2+ 27. Kf2 Be5 28. Qc1 Rb8 29. Rh1 Qxh1 30. Qxh1 Bxc3 31. Qd1 Rb2+ 32. Bc2 Bd4+ 33. Kf1 g4 34. hxg4 Ng5 35. Rd3 Be5 36. Rb3 Re8 37. Rxb2 Bxb2 38. Bd3 Be5 39. g3 h3 40. Kg1 Rb8 41. Nf4 Rb2 42. Kh1 Kg8 43. Be2 a5 44. Qe1 Rxa2 45. Bd1 Ra1 46. Be2 Rxe1+ 0-1


[Site "https://www.chess.com"]

[Event "Titled Tuesday Blitz May 10 Late 2022"]
[White "Manukian, Artak"]
[Black "Marin Ramirez, Gerardo"]
[WhiteFideId "13301373"]
[BlackFideId "3901068"]
[WhiteElo "2406"]
[BlackElo "1920"]
[Result "1-0"]
[Round "05"]
[TimeControl "180+1"]
[Date "2022.05.11"]
[WhiteClock "0:02:28"]
[BlackClock "0:02:27"]

1. e4 c5 2. Nf3 d6 3. Bb5+ Nd7 4. O-O a6 5. Bd3 Ngf6 6. Re1 g6 7. a4 Bg7 8. c3 O-O 9. Bc2 b6 10. d4 cxd4 11. cxd4 Bb7 12. Nc3 Rc8 13. e5 Nd5 14. e6 1-0


[Site "https://www.chess.com"]

[Event "Titled Tuesday Blitz May 10 Late 2022"]
[White "Melikhov, Evgeny V."]
[Black "Mangialardo, Tiago Carvalho"]
[WhiteFideId "4122046"]
[BlackFideId "2130718"]
[WhiteElo "1931"]
[BlackElo "2117"]
[Result "1-0"]
[Round "05"]
[TimeControl "180+1"]
[Date "2022.05.11"]
[WhiteClock "0:00:19"]
[BlackClock "0:00:06"]

1. d4 d5 2. c4 e6 3. Nc3 Nf6 4. cxd5 exd5 5. Bg5 Be7 6. e3 O-O 7. Bd3 Be6 8. Nf3 Nbd7 9. O-O Re8 10. Qc2 Nf8 11. Ne5 N6d7 12. Bxe7 Qxe7 13. f4 c6 14. f5 Nxe5 15. fxe6 Qxe6 16. dxe5 Qxe5 17. Rae1 Re6 18. Rf5 Qd6 19. Qf2 Rh6 20. h3 f6 21. Qf4 Qc5 22. Qd4 Qd6 23. Qg4 Nd7 24. Qf4 Ne5 25. Be2 Qc5 26. Rh5 Rg6 27. Bd1 Nd3 28. Qf1 Nxe1 29. Qxe1 Re8 30. Bc2 Rxe3 31. Qf2 Rgg3 32. Bxh7+ Kf7 33. Kh2 g6 34. Bg8+ Kxg8 35. Qxf6 1-0


[Site "https://www.chess.com"]

[Event "Titled Tuesday Blitz May 10 Late 2022"]
[White "Melikyan, Gnel"]
[Black "Papp, Petra"]
[WhiteFideId "54109990"]
[BlackFideId "739049"]
[WhiteElo "1772"]
[BlackElo "2259"]
[Result "1-0"]
[Round "05"]
[TimeControl "180+1"]
[Date "2022.05.11"]
[WhiteClock "0:00:20"]
[BlackClock "0:00:03"]

1. e4 c5 2. Nf3 d6 3. d4 cxd4 4. Nxd4 Nf6 5. Nc3 g6 6. Be3 Bg7 7. f3 O-O 8. Qd2 Nc6 9. g4 Be6 10. Nxe6 fxe6 11. O-O-O Rc8 12. h4 b5 13. Nxb5 Rb8 14. Nd4 Qc8 15. Qc3 Nxd4 16. Qxc8 Rfxc8 17. Bxd4 Nd7 18. Bxg7 Kxg7 19. Be2 e5 20. Rd3 Nc5 21. Ra3 Rb7 22. Rd1 Rbc7 23. Rc3 Ne6 24. Rxc7 Rxc7 25. c3 Nf4 26. Bf1 g5 27. h5 Kf6 28. Kc2 Ke6 29. b3 a5 30. a4 Kf6 31. Kb2 Ne6 32. Rd5 Nc5 33. Ka3 Ne6 34. Bc4 Nc5 35. Bb5 Rb7 36. b4 axb4+ 37. cxb4 Ne6 38. Bc6 Rb6 39. b5 Nd4 40. a5 Rb8 41. a6 e6 42. Rxd4 exd4 43. a7 Ke5 44. axb8=Q 1-0


[Site "https://www.chess.com"]

[Event "Titled Tuesday Blitz May 10 Late 2022"]
[White "Muradov, Soltan"]
[Black "Ferreira, Vitor Hugo Vieira"]
[WhiteFideId "14002108"]
[BlackFideId "2119765"]
[WhiteElo "1854"]
[BlackElo "2165"]
[Result "0-1"]
[Round "05"]
[TimeControl "180+1"]
[Date "2022.05.11"]
[WhiteClock "0:01:34"]
[BlackClock "0:01:58"]

1. d4 d5 2. Nf3 Nf6 3. Bg5 g6 4. Nbd2 Bg7 5. e3 O-O 6. h3 b6 7. Bd3 Bb7 8. c3 c5 9. Ne5 Nc6 10. Ndf3 Ne4 11. Nxc6 Bxc6 12. Bxe4 dxe4 13. Nd2 cxd4 14. cxd4 Bb5 15. Rc1 Qd5 16. Bxe7 Rfe8 17. Bh4 Bd3 18. Qb3 Qh5 19. Bg3 Qe2# 0-1


[Site "https://www.chess.com"]

[Event "Titled Tuesday Blitz May 10 Late 2022"]
[White "Nagy, Gabor"]
[Black "Nozdrachev, Leonid"]
[WhiteFideId "737119"]
[BlackFideId "24113433"]
[WhiteElo "2569"]
[BlackElo "2255"]
[Result "1-0"]
[Round "05"]
[TimeControl "180+1"]
[Date "2022.05.11"]
[WhiteClock "0:02:23"]
[BlackClock "0:01:00"]

1. d4 d6 2. Nf3 Nf6 3. Nc3 Nbd7 4. e4 e5 5. Rg1 g6 6. g4 Bg7 7. g5 Nh5 8. dxe5 Nxe5 9. Nxe5 Bxe5 10. Be3 Bxh2 11. Rh1 Bf4 12. Bxf4 Nxf4 13. Qd4 Rf8 14. Qe3 Qxg5 15. Nd5 Ng2+ 16. Bxg2 Qxg2 17. O-O-O Kd8 18. Rdg1 Qxh1 19. Rxh1 Be6 20. Qg5+ 1-0


[Site "https://www.chess.com"]

[Event "Titled Tuesday Blitz May 10 Late 2022"]
[White "Nakamura, Hikaru"]
[Black "Stremavicius, Titas"]
[WhiteFideId "2016192"]
[BlackFideId "12804444"]
[WhiteElo "2850"]
[BlackElo "2404"]
[Result "0-1"]
[Round "05"]
[TimeControl "180+1"]
[Date "2022.05.10"]
[WhiteClock "0:00:02"]
[BlackClock "0:00:06"]

1. Nf3 f5 2. d3 Nc6 3. d4 e6 4. d5 exd5 5. Qxd5 d6 6. Bf4 Nf6 7. Qd1 d5 8. e3 a6 9. c4 Bb4+ 10. Nc3 Be6 11. Qb3 Qe7 12. O-O-O dxc4 13. Qc2 Bxc3 14. bxc3 Ne4 15. Kb2 O-O 16. Nd4 Nxd4 17. exd4 c6 18. g3 Bd5 19. f3 Nf6 20. Bg2 b5 21. Rhe1 Qd7 22. Re5 g6 23. Rde1 Rfe8 24. Bg5 Rxe5 25. Rxe5 Kf7 26. g4 fxg4 27. fxg4 Qxg4 28. Bxf6 Qxg2 29. Qxg2 Bxg2 30. Bg5 Re8 31. Rxe8 Kxe8 32. Kc2 Kf7 33. Kd2 Ke6 34. Bd8 Kf5 35. Ke3 g5 36. a3 h5 37. Bc7 Bf1 38. Bd8 Bd3 39. Be7 Kg4 40. Bd8 Kf5 41. Be7 a5 42. Bd8 a4 43. Be7 Kg4 44. Kf2 Be4 45. Ke3 Bd5 46. Kf2 Kh3 47. Bxg5 b4 48. cxb4 Kxh2 49. Bd8 Kh3 50. Ke3 Kg4 51. Be7 h4 52. Bd8 h3 53. Bc7 Be6 54. Bb8 Bf5 55. Bc7 c3 56. Bb8 c2 57. Kd2 Kf3 58. d5 cxd5 59. b5 d4 60. b6 Be4 61. Bh2 d3 62. Be5 Kg2 63. Ke3 c1=Q+ 64. Kxe4 Qc6+ 0-1


[Site "https://www.chess.com"]

[Event "Titled Tuesday Blitz May 10 Late 2022"]
[White "Ng, Gary"]
[Black "Wachinger, Guenther"]
[WhiteFideId "2604914"]
[BlackFideId "4604261"]
[WhiteElo "2241"]
[BlackElo "2212"]
[Result "1-0"]
[Round "05"]
[TimeControl "180+1"]
[Date "2022.05.11"]
[WhiteClock "0:00:18"]
[BlackClock "0:01:15"]

1. d4 Nf6 2. Bf4 d5 3. e3 c5 4. Nd2 Nc6 5. c3 e6 6. Ngf3 cxd4 7. exd4 Nh5 8. Bg5 f6 9. Bh4 Bd6 10. g4 Nf4 11. g5 Ng6 12. Bg3 fxg5 13. Bxd6 Qxd6 14. Nxg5 O-O 15. Qh5 Rf6 16. Nxh7 Qf4 17. Nxf6+ Qxf6 18. Rg1 Nce7 19. Bd3 Nf4 20. Qh7+ Kf8 21. O-O-O Nxd3+ 22. Qxd3 Bd7 23. Nf3 Nc6 24. Rde1 Rc8 25. Ne5 Ke7 26. Qg6 Nxd4 27. Qxf6+ gxf6 28. Rg7+ Ke8 29. Nxd7 e5 30. Nxf6+ Kf8 31. Rg8+ Kf7 32. Rxc8 Nf3 33. Re3 1-0


[Site "https://www.chess.com"]

[Event "Titled Tuesday Blitz May 10 Late 2022"]
[White "Ohanyan, Emin"]
[Black "Vlassov, Nikolai"]
[WhiteFideId "13312022"]
[BlackFideId "4103360"]
[WhiteElo "1927"]
[BlackElo "2407"]
[Result "0-1"]
[Round "05"]
[TimeControl "180+1"]
[Date "2022.05.10"]
[WhiteClock "0:00:01"]
[BlackClock "0:00:46"]

1. e4 Nc6 2. Nc3 Nf6 3. d4 d5 4. e5 Nd7 5. f4 Nb6 6. Nf3 Bg4 7. Be3 e6 8. h3 Bxf3 9. Qxf3 Bb4 10. Bd3 Na4 11. O-O Nxb2 12. Ne2 Nxd3 13. cxd3 g6 14. Rab1 Ba5 15. g4 h5 16. Kg2 Qd7 17. Ng3 hxg4 18. hxg4 O-O-O 19. Rh1 Bb6 20. Qf2 Ne7 21. Qc2 Qc6 22. Qb3 Qd7 23. a4 a5 24. Rhc1 Nc6 25. Qb5 Kb8 26. Ne2 Rh4 27. Bf2 Rh7 28. Bg3 Nb4 29. Rc2 Qxb5 30. axb5 Nxc2 0-1


[Site "https://www.chess.com"]

[Event "Titled Tuesday Blitz May 10 Late 2022"]
[White "Olenik Campa, Rudi"]
[Black "Voiteanu, Gabriel"]
[WhiteFideId "14633264"]
[BlackFideId "1208810"]
[WhiteElo "2076"]
[BlackElo "2001"]
[Result "0-1"]
[Round "05"]
[TimeControl "180+1"]
[Date "2022.05.11"]
[WhiteClock "0:00:02"]
[BlackClock "0:00:27"]

1. e4 e5 2. Ne2 Nf6 3. Nbc3 Nc6 4. g3 Bc5 5. Bg2 O-O 6. O-O d6 7. d3 Bg4 8. h3 Bh5 9. g4 Bg6 10. Ng3 Nd4 11. Na4 Ne6 12. Nxc5 dxc5 13. Ne2 Nd4 14. Be3 h5 15. g5 Ne8 16. h4 f5 17. c3 Nxe2+ 18. Qxe2 Qe7 19. exf5 Rxf5 20. Bxb7 Rd8 21. Be4 Nd6 22. Bxc5 Rf4 23. f3 Bxe4 24. dxe4 Rxh4 25. Qg2 Rf8 26. Rad1 Rff4 27. Bf2 Rhg4 28. fxg4 Rxg4 29. Bg3 Qxg5 30. Rf3 h4 31. Re1 hxg3 32. Rfe3 Qh4 33. R1e2 Nf7 34. Rd2 Ng5 35. Rd8+ Kh7 36. Kf1 Rf4+ 37. Ke2 Rf2+ 38. Qxf2 gxf2 39. Rd1 Nh3 40. Rh1 Nf4+ 0-1


[Site "https://www.chess.com"]

[Event "Titled Tuesday Blitz May 10 Late 2022"]
[White "Omariev, Maksim"]
[Black "Simonovic, Miroslav"]
[WhiteFideId "4193423"]
[BlackFideId "919152"]
[WhiteElo "2510"]
[BlackElo "2043"]
[Result "0-1"]
[Round "05"]
[TimeControl "180+1"]
[Date "2022.05.11"]
[WhiteClock "0:00:11"]
[BlackClock "0:00:08"]

1. g4 c5 2. Bg2 Nc6 3. c4 d6 4. g5 e5 5. d3 f5 6. Nc3 f4 7. h4 h6 8. g6 h5 9. Bd5 Nh6 10. e3 Nb4 11. exf4 Nxd5 12. Nxd5 Bg4 13. Nf3 Nf5 14. Be3 exf4 15. Nxf4 Qd7 16. Nh3 Nxe3 17. fxe3 Bxh3 18. Qe2 Bg4 19. O-O-O O-O-O 20. Rdf1 Be7 21. Qg2 Bxf3 22. Rxf3 Bf6 23. Qg3 Qg4 24. Qf2 Qxg6 25. e4 Rhf8 26. Rg1 Qh6+ 27. Kc2 Be7 28. Rf1 Rxf3 29. Qxf3 Rf8 30. Qh3+ Kc7 31. Rxf8 Bxf8 32. Qf5 Be7 33. Qf7 Qf6 34. Qxh5 Qxh4 35. Qe8 Qf6 36. a3 Qf8 37. Qg6 Qf6 38. Qe8 g5 39. b4 Qf2+ 40. Kb3 Bf6 41. Qf7+ Kd8 42. Qf8+ Kd7 43. Qf7+ Kc8 44. Qf8+ Kc7 45. Qf7+ Kb6 46. Qd7 Qb2+ 47. Ka4 Qc2# 0-1


[Site "https://www.chess.com"]